General information
- name: BNet
- type: Ladder team game (AT/RT)
- host: Battle.net
- saver: sc2no.wc4yes
map: Highperch
- players: 6
- length: 43:36
- speed: Fast
- version: 1.26 W3XP
- replay type: Public
» download(239 KB)
Players
team 1 (loser)

»
JustLikeCap (
teal | 76 APM | 3320 actions | 43:34)
4 Paladin
2 Holy Light
2 Devotion Aura
4 Archmage
2 Summon Water Elemental
2 Brilliance Aura
» actions
| Assign group hotkey | 44 | |
| Basic commands | 334 | |
| Build / train | 97 | |
| Enter build submenu | 41 | |
| Enter hero's abilities submenu | 8 | |
| Right click | 933 | |
| Select / deselect | 431 | |
| Select group hotkey | 1275 | |
| Use ability | 157 | |
3320 total
» units
| Peasant | 19 | |
| Footman | 9 | |
| Mortar Team | 7 | |
| Rifleman | 8 | |
| Flying Machine | 3 | |
| Peon | 4 | |
| Troll Batrider | 9 | |
59 total
» upgrades
| Defend | 1 | |
| Masonry | 3 | |
| Lumber Harvesting | 2 | |
| Long Rifles | 1 | |
| Flare | 1 | |
| Gunpowder | 3 | |
| Armor | 3 | |
| Fragmentation Shards | 1 | |
| Flak Cannons | 1 | |
16 total
» buildings
| Barracks | 1 | |
| Altar of Kings | 1 | |
| Farm | 16 | |
| Scout Tower | 5 | |
| Arcane Tower | 2 | |
| Arcane Vault | 1 | |
| Lumber Mill | 1 | |
| Town Hall | 5 | |
| Guard Tower | 3 | |
| Keep | 1 | |
| Blacksmith | 1 | |
| Workshop | 3 | |
| Castle | 1 | |
| Great Hall | 1 | |
| Beastiary | 2 | |
44 total
» build order
00:13 Barracks
00:18 Altar of Kings
00:24 Farm
01:04 Farm
01:42 Farm
01:50 Scout Tower
02:18 Arcane Tower
02:31 Arcane Vault
02:58 Lumber Mill
04:31 Town Hall
04:37 Town Hall
04:46 Town Hall
04:48 Scout Tower
04:50 Scout Tower
04:52 Scout Tower
05:05 Farm
05:17 Arcane Tower
05:20 Guard Tower
05:32 Guard Tower
05:35 Scout Tower
05:58 Keep
06:19 Guard Tower
06:46 Farm
07:00 Blacksmith
07:38 Farm
08:21 Workshop
08:30 Workshop
08:59 Farm
09:53 Farm
10:00 Farm
10:49 Castle
11:37 Farm
12:09 Farm
15:10 Farm
17:28 Farm
19:58 Town Hall
22:05 Town Hall
23:14 Farm
25:06 Farm
27:59 Workshop
30:14 Farm
33:45 Great Hall
35:11 Beastiary
37:05 Beastiary
» items
| Lesser Clarity Potion | 4 | |
| Scroll of Town Portal | 1 | |
5 total
your (
pink | 55 APM | 2129 actions | 38:25)
4 Demon Hunter
1 Immolation
2 Evasion
1 Mana Burn
2 Warden
1 Blink
1 Shadow Strike
» actions
| Assign group hotkey | 89 | |
| Basic commands | 70 | |
| Build / train | 89 | |
| ESC pressed | 18 | |
| Enter build submenu | 28 | |
| Enter hero's abilities submenu | 6 | |
| Give item / drop item | 1 | |
| Right click | 489 | |
| Select / deselect | 294 | |
| Select group hotkey | 944 | |
| Use ability | 101 | |
2129 total
» units
| Wisp | 27 | |
| Archer | 5 | |
| Huntress | 8 | |
| Druid of the Talon | 5 | |
| Dryad | 5 | |
| Hippogryph | 10 | |
| Chimaera | 3 | |
63 total
» upgrades
| Ultravision | 1 | |
| Strength of the Wild | 2 | |
| Druid of the Claw Training | 2 | |
| Abolish Magic | 1 | |
| Druid of the Talon Training | 2 | |
| Upgrade Moon Glaive | 1 | |
| Mark of the Claw | 1 | |
| Sentinel | 1 | |
| Improved Bows | 1 | |
| Reinforced Hides | 1 | |
| Mark of the Talon | 1 | |
| Corrosive Breath | 1 | |
| Marksmanship | 1 | |
16 total
» buildings
| Altar of Elders | 1 | |
| Moon Well | 9 | |
| Ancient of War | 2 | |
| Ancient of Wonders | 1 | |
| Hunter's Hall | 1 | |
| Ancient Protector | 7 | |
| Tree of Ages | 1 | |
| Ancient of Lore | 1 | |
| Ancient of Wind | 2 | |
| Tree of Eternity | 1 | |
| Chimaera Roost | 1 | |
| Tree of Life | 3 | |
30 total
» build order
00:05 Altar of Elders
00:07 Moon Well
00:55 Moon Well
01:27 Ancient of War
01:44 Ancient of War
02:11 Ancient of Wonders
02:48 Hunter's Hall
03:41 Moon Well
04:20 Ancient Protector
05:18 Tree of Ages
06:02 Moon Well
07:44 Ancient of Lore
07:45 Ancient of Wind
08:00 Tree of Eternity
09:06 Ancient of Wind
09:43 Moon Well
10:02 Moon Well
10:23 Chimaera Roost
15:09 Moon Well
17:20 Tree of Life
17:45 Ancient Protector
18:01 Ancient Protector
18:18 Ancient Protector
18:47 Ancient Protector
18:51 Ancient Protector
18:52 Ancient Protector
19:43 Moon Well
20:11 Moon Well
22:22 Tree of Life
31:14 Tree of Life
FB.Pibak (
green | 66 APM | 2067 actions | 31:22)
4 Tauren Chieftain
2 War Stomp
2 Endurance Aura
3 Shadow Hunter
2 Healing Wave
1 Hex
» actions
| Assign group hotkey | 65 | |
| Basic commands | 238 | |
| Build / train | 56 | |
| ESC pressed | 9 | |
| Enter build submenu | 28 | |
| Enter hero's abilities submenu | 7 | |
| Remove unit from queue | 2 | |
| Right click | 1111 | |
| Select / deselect | 255 | |
| Select group hotkey | 253 | |
| Use ability | 43 | |
2067 total
» units
| Peon | 9 | |
| Grunt | 8 | |
| Demolisher | 6 | |
| Shaman | 3 | |
| Tauren | 5 | |
31 total
» upgrades
| Melee Weapons | 2 | |
| Armor | 2 | |
| Shaman Training | 2 | |
| Pulverize | 1 | |
| Pillage | 1 | |
8 total
» buildings
| Altar of Storms | 1 | |
| Orc Burrow | 8 | |
| Barracks | 1 | |
| Voodoo Lounge | 1 | |
| War Mill | 1 | |
| Stronghold | 1 | |
| Spirit Lodge | 1 | |
| Fortress | 1 | |
| Tauren Totem | 1 | |
| Watch Tower | 7 | |
| Great Hall | 3 | |
| Beastiary | 1 | |
27 total
» build order
00:14 Altar of Storms
00:35 Orc Burrow
01:20 Barracks
02:00 Orc Burrow
02:40 Voodoo Lounge
02:55 Orc Burrow
03:07 War Mill
03:37 Stronghold
04:56 Orc Burrow
06:16 Spirit Lodge
08:09 Orc Burrow
08:21 Fortress
09:08 Orc Burrow
10:53 Tauren Totem
14:48 Orc Burrow
14:50 Orc Burrow
20:01 Watch Tower
20:02 Watch Tower
20:04 Watch Tower
20:06 Watch Tower
20:09 Watch Tower
20:12 Watch Tower
20:14 Watch Tower
22:52 Great Hall
27:13 Great Hall
29:45 Beastiary
30:37 Great Hall
» items
| Potion of Healing | 1 | |
| Potion of Mana | 1 | |
| Healing Salve | 1 | |
3 total
team 2 (winner)

»
sc2no.wc4yes (
red | 51 APM | 2230 actions | 43:36)
3 Goblin Tinker
2 Pocket Factory
1 Engineering Upgrade
3 Archmage
2 Blizzard
1 Brilliance Aura
3 Blood Mage
2 Flame Strike
1 Siphon Mana
» actions
| Assign group hotkey | 65 | |
| Basic commands | 60 | |
| Build / train | 170 | |
| ESC pressed | 1 | |
| Enter build submenu | 81 | |
| Enter hero's abilities submenu | 9 | |
| Give item / drop item | 6 | |
| Right click | 716 | |
| Select / deselect | 404 | |
| Select group hotkey | 512 | |
| Use ability | 206 | |
2230 total
» units
| Peasant | 25 | |
| Mortar Team | 2 | |
| Flying Machine | 9 | |
36 total
» upgrades
| Masonry | 3 | |
| Lumber Harvesting | 2 | |
| Magic Sentry | 1 | |
| Gunpowder | 1 | |
| Flak Cannons | 1 | |
| Plating | 2 | |
10 total
» buildings
| Altar of Kings | 1 | |
| Farm | 11 | |
| Lumber Mill | 3 | |
| Town Hall | 4 | |
| Scout Tower | 63 | |
| Guard Tower | 69 | |
| Keep | 1 | |
| Arcane Sanctum | 1 | |
| Castle | 1 | |
| Arcane Vault | 3 | |
| Blacksmith | 2 | |
| Workshop | 4 | |
| Arcane Tower | 4 | |
167 total
» build order
00:08 Altar of Kings
00:18 Farm
00:55 Farm
01:06 Lumber Mill
01:42 Farm
03:31 Town Hall
03:32 Town Hall
03:37 Scout Tower
03:38 Scout Tower
03:39 Scout Tower
03:39 Scout Tower
04:09 Guard Tower
04:10 Guard Tower
04:11 Guard Tower
04:11 Guard Tower
05:09 Scout Tower
05:10 Scout Tower
05:28 Scout Tower
05:30 Keep
05:32 Scout Tower
05:33 Scout Tower
05:40 Scout Tower
05:41 Scout Tower
05:44 Guard Tower
05:45 Guard Tower
05:46 Guard Tower
05:56 Guard Tower
05:56 Guard Tower
05:57 Scout Tower
05:58 Scout Tower
05:59 Scout Tower
06:00 Guard Tower
06:01 Guard Tower
06:01 Guard Tower
06:16 Guard Tower
06:16 Guard Tower
06:18 Scout Tower
06:19 Scout Tower
06:22 Scout Tower
06:23 Scout Tower
06:24 Scout Tower
06:25 Scout Tower
06:25 Scout Tower
06:26 Guard Tower
06:27 Guard Tower
06:28 Guard Tower
06:29 Guard Tower
06:44 Guard Tower
06:59 Guard Tower
07:03 Guard Tower
07:03 Guard Tower
07:10 Lumber Mill
07:21 Guard Tower
07:25 Scout Tower
07:26 Scout Tower
07:40 Guard Tower
07:41 Guard Tower
07:43 Scout Tower
07:44 Scout Tower
07:57 Guard Tower
08:23 Arcane Sanctum
08:33 Guard Tower
08:33 Guard Tower
08:34 Guard Tower
08:37 Farm
09:06 Scout Tower
09:06 Scout Tower
09:07 Scout Tower
09:12 Scout Tower
09:14 Scout Tower
09:14 Scout Tower
09:31 Castle
09:46 Guard Tower
10:11 Arcane Vault
10:12 Guard Tower
10:16 Guard Tower
10:17 Guard Tower
10:44 Guard Tower
10:46 Blacksmith
10:55 Guard Tower
11:06 Scout Tower
11:07 Scout Tower
11:08 Scout Tower
11:08 Scout Tower
11:09 Scout Tower
11:29 Scout Tower
11:30 Scout Tower
11:31 Scout Tower
11:35 Blacksmith
11:41 Guard Tower
11:41 Guard Tower
12:06 Guard Tower
12:25 Scout Tower
12:26 Scout Tower
12:26 Scout Tower
12:30 Guard Tower
12:33 Guard Tower
13:04 Scout Tower
13:05 Scout Tower
13:07 Guard Tower
13:10 Workshop
13:11 Workshop
13:32 Guard Tower
13:48 Guard Tower
13:49 Scout Tower
13:50 Scout Tower
14:03 Guard Tower
14:15 Scout Tower
14:15 Scout Tower
14:30 Guard Tower
15:04 Arcane Vault
15:08 Guard Tower
15:16 Guard Tower
15:51 Scout Tower
15:52 Scout Tower
15:53 Scout Tower
15:53 Scout Tower
16:21 Farm
16:21 Farm
16:22 Farm
16:24 Workshop
16:24 Workshop
16:36 Guard Tower
17:13 Guard Tower
17:20 Guard Tower
17:25 Scout Tower
17:25 Scout Tower
17:52 Farm
17:52 Farm
17:52 Farm
17:52 Farm
18:14 Guard Tower
18:21 Arcane Vault
18:34 Guard Tower
18:35 Guard Tower
19:31 Guard Tower
23:02 Town Hall
23:07 Town Hall
23:35 Arcane Tower
24:00 Arcane Tower
24:00 Arcane Tower
26:38 Arcane Tower
28:42 Lumber Mill
28:48 Scout Tower
29:25 Scout Tower
29:46 Guard Tower
29:53 Guard Tower
29:55 Scout Tower
30:23 Guard Tower
30:26 Scout Tower
30:59 Guard Tower
31:01 Scout Tower
31:30 Guard Tower
38:59 Scout Tower
39:03 Scout Tower
39:06 Scout Tower
39:29 Guard Tower
39:32 Guard Tower
39:41 Guard Tower
» items
| Staff of Teleportation | 3 | |
| Boots of Speed | 3 | |
| Ivory Tower | 25 | |
| Staff of Sanctuary | 2 | |
| Orb of Fire | 1 | |
34 total
war-chef (
orange | 85 APM | 3696 actions | 43:35)
5 Pit Lord
3 Howl of Terror
2 Cleaving Attack
4 Priestess of the Moon
2 Trueshot Aura
2 Searing Arrows
» actions
| Assign group hotkey | 39 | |
| Basic commands | 1 | |
| Build / train | 76 | |
| Enter build submenu | 21 | |
| Enter hero's abilities submenu | 9 | |
| Right click | 1541 | |
| Select / deselect | 330 | |
| Select group hotkey | 1620 | |
| Use ability | 59 | |
3696 total
» units
| Wisp | 23 | |
| Huntress | 3 | |
| Hippogryph | 6 | |
| Archer | 7 | |
| Faerie Dragon | 7 | |
46 total
» upgrades
| Moon Armor | 3 | |
| Strength of the Moon | 3 | |
| Ultravision | 1 | |
| Sentinel | 1 | |
| Hippogryph Taming | 1 | |
| Improved Bows | 1 | |
| Marksmanship | 1 | |
| Strength of the Wild | 2 | |
| Reinforced Hides | 1 | |
14 total
» buildings
| Altar of Elders | 1 | |
| Moon Well | 7 | |
| Ancient of War | 2 | |
| Hunter's Hall | 1 | |
| Ancient of Wonders | 2 | |
| Ancient Protector | 1 | |
| Tree of Ages | 1 | |
| Tree of Life | 1 | |
| Ancient of Wind | 3 | |
| Tree of Eternity | 1 | |
20 total
» build order
00:05 Altar of Elders
00:29 Moon Well
01:20 Ancient of War
02:04 Hunter's Hall
02:11 Moon Well
02:36 Ancient of War
02:41 Moon Well
02:59 Ancient of Wonders
04:09 Ancient Protector
05:20 Moon Well
05:46 Tree of Ages
06:21 Tree of Life
07:05 Ancient of Wonders
08:24 Ancient of Wind
08:26 Ancient of Wind
09:18 Tree of Eternity
10:09 Ancient of Wind
12:06 Moon Well
12:08 Moon Well
12:18 Moon Well
» items
| Potion of Healing | 1 | |
| Scroll of Town Portal | 1 | |
| Scroll of Regeneration | 1 | |
3 total

»
hellraiser10 (
blue | 25 APM | 1081 actions | 43:35)
3 Death Knight
1 Death Coil
1 Death Pact
1 Unholy Aura
1 Firelord
1 Summon Lava Spawn
» actions
| Basic commands | 6 | |
| Build / train | 64 | |
| Enter build submenu | 17 | |
| Enter hero's abilities submenu | 4 | |
| Remove unit from queue | 21 | |
| Right click | 734 | |
| Select / deselect | 198 | |
| Use ability | 37 | |
1081 total
» units
| Acolyte | 2 | |
| Ghoul | 6 | |
| Crypt Fiend | 4 | |
| Necromancer | 5 | |
| Gargoyle | 7 | |
24 total
» upgrades
| Creature Attack | 3 | |
| Creature Carapace | 3 | |
| Necromancer Training | 1 | |
| Skeletal Longevity | 1 | |
8 total
» buildings
| Altar of Darkness | 1 | |
| Crypt | 2 | |
| Ziggurat | 6 | |
| Graveyard | 1 | |
| Halls of the Dead | 1 | |
| Temple of the Damned | 1 | |
| Sacrificial Pit | 1 | |
| Black Citadel | 1 | |
| Tomb of Relics | 1 | |
15 total
» build order
00:07 Altar of Darkness
00:11 Crypt
00:35 Ziggurat
00:38 Ziggurat
00:57 Ziggurat
01:30 Graveyard
02:19 Ziggurat
04:39 Halls of the Dead
05:47 Ziggurat
07:33 Temple of the Damned
10:49 Ziggurat
13:25 Sacrificial Pit
14:35 Black Citadel
16:52 Crypt
18:04 Tomb of Relics
» items
| Periapt of Vitality | 1 | |
| Scroll of Healing | 1 | |
| Potion of Lesser Invulnerability | 1 | |
3 total
Chat log
(01:33 / Allies) sc2no.wc4yes: u goign tavern?
(01:46 / Allies) sc2no.wc4yes: share
(01:47 / Allies) sc2no.wc4yes: thx
(06:06 / Allies) war-chef: nice
(06:56 / Allies) sc2no.wc4yes: back to the towers if u get hurt
(07:35 / Allies) sc2no.wc4yes: lets get this xp
(07:36 / Allies) sc2no.wc4yes: before they do
(08:29 / Allies) sc2no.wc4yes: anyone got spare wood
(08:37 / Allies) hellraiser10: not I
(09:37 / Allies) sc2no.wc4yes: get anti-siege
(09:50 / Allies) war-chef: lol what?
(10:03 / Allies) sc2no.wc4yes: maybe just get air i guess
(10:05 / Allies) sc2no.wc4yes: they dont ahve web
(11:55 / Allies) sc2no.wc4yes: crud
(12:37 / Allies) sc2no.wc4yes: need chims or osmtheing
(12:42 / Allies) sc2no.wc4yes: so we can blast and retreat
(13:34 / Allies) sc2no.wc4yes: we are killing nothing
(13:38 / Allies) sc2no.wc4yes: with these short range, low hp units
(14:38 / Allies) sc2no.wc4yes: games just about over
(15:05 / Allies) war-chef: lure them close
(17:11 / Allies) war-chef: fuck
(17:31 / Allies) sc2no.wc4yes: need 1500 wood
(17:35 / Allies) sc2no.wc4yes: more if u can afford mor4e
(18:06 / Allies) sc2no.wc4yes: nmass air and get up here
(19:27 / Allies) sc2no.wc4yes: mass air and get up here
(19:32 / Allies) sc2no.wc4yes: they cant readch it
(20:25 / Allies) hellraiser10: ...3 gargoyles..
(20:50 / Allies) sc2no.wc4yes: get all u can up there
(20:53 / Allies) sc2no.wc4yes: we'll do our best
(20:54 / Allies) sc2no.wc4yes: it will be fun
(21:18 / Allies) sc2no.wc4yes: buy a tp staff
(21:19 / Allies) sc2no.wc4yes: on ur hero
(21:21 / Allies) sc2no.wc4yes: and tp up there
(21:26 / Allies) sc2no.wc4yes: the blue staff
(22:16 / Allies) war-chef: build a hall
(22:50 / Allies) sc2no.wc4yes: k hold on
(23:10 / Allies) sc2no.wc4yes: building
(23:11 / Allies) sc2no.wc4yes: it will be a while
(24:38 / Allies) sc2no.wc4yes: hall is almost done
(24:53 / Allies) sc2no.wc4yes: ok
(24:54 / Allies) sc2no.wc4yes: awesome
(24:55 / Allies) sc2no.wc4yes: lol
(24:56 / All) your: rebels
(25:06 / Allies) war-chef: lol
(25:09 / Allies) war-chef: this is awesome
(25:12 / Allies) hellraiser10: dont think ive every stayed with 3 guys left..lol
(25:18 / Allies) hellraiser10: ever
(25:24 / Allies) sc2no.wc4yes: i wonder what htey will try
(25:29 / Allies) sc2no.wc4yes: all the mines are dead
(25:41 / Allies) war-chef: there is still gold
(25:44 / Allies) sc2no.wc4yes: there were like 2 expos left
(25:49 / Allies) sc2no.wc4yes: at the most its like 20k gold they could get
(25:54 / Allies) sc2no.wc4yes: and they might be dumb enough to mine at high upkeep
(25:58 / Allies) sc2no.wc4yes: which would decrease that amount by a lot
(26:03 / Allies) war-chef: and all they can send at us is air
(26:12 / Allies) war-chef: and we have plenty of aa
(26:15 / Allies) sc2no.wc4yes: if they were smart they would send first a ton of bats
(26:18 / Allies) sc2no.wc4yes: then chims o rsomething
(26:31 / Allies) war-chef: chimes wouldnt get far
(26:33 / All) sc2no.wc4yes: hi
(26:42 / Allies) sc2no.wc4yes: dont go out
(26:43 / Allies) sc2no.wc4yes: stay here
(26:47 / Allies) sc2no.wc4yes: we have to be extremely careful
(26:49 / Allies) sc2no.wc4yes: we cant rebuild
(26:58 / Allies) hellraiser10: u got peons up here
(27:01 / Allies) hellraiser10: ?
(27:06 / Allies) sc2no.wc4yes: yeah but only 500 gold
(27:20 / Allies) sc2no.wc4yes: nice thx
(27:28 / Allies) hellraiser10: lol yea sry was just watching for awhile
(27:49 / Allies) sc2no.wc4yes: im glad they dont have web
(27:57 / Allies) sc2no.wc4yes: bats will be the main danger
(28:15 / Allies) war-chef: spread the units out?
(28:20 / Allies) sc2no.wc4yes: 12500
(28:22 / Allies) sc2no.wc4yes: they never touched it
(28:33 / Allies) sc2no.wc4yes: like 10k total in teh others
(28:35 / Allies) sc2no.wc4yes: theyre mining over 50
(29:13 / All) sc2no.wc4yes: looking for the ramp up?
(30:06 / Allies) sc2no.wc4yes: lol
(30:08 / Allies) sc2no.wc4yes: never killed that
(31:24 / All) sc2no.wc4yes: LOL
(31:32 / All) sc2no.wc4yes: 1 down 2 to go
(31:48 / Allies) sc2no.wc4yes: heal up when u need to
(32:06 / Allies) hellraiser10: lol 300 in my mine
(33:02 / Allies) hellraiser10: orc left?
(33:08 / Allies) sc2no.wc4yes: ya
(33:09 / Allies) sc2no.wc4yes: lol
(33:14 / Allies) hellraiser10: hah sweet no bats
(33:15 / Allies) sc2no.wc4yes: now theyll never get bats
(33:26 / All) sc2no.wc4yes: those taurens look useful
(33:32 / All) sc2no.wc4yes: maybe you could load them into a catapult
(33:35 / All) sc2no.wc4yes: and shoot them up here
(35:12 / All) sc2no.wc4yes: youre going to have to kill our mountain base to win
(35:42 / Allies) sc2no.wc4yes: im b
(36:12 / Allies) sc2no.wc4yes: they killed their units
(36:15 / Allies) sc2no.wc4yes: hes mining it at 50
(36:17 / Allies) sc2no.wc4yes: this will be good
(37:12 / Allies) sc2no.wc4yes: i wish i had gotten bombs in time
(37:16 / Allies) sc2no.wc4yes: my gyros only hit air
(37:28 / All) sc2no.wc4yes: dryads?
(37:29 / All) sc2no.wc4yes: lol
(37:31 / Allies) war-chef: have enough gold to get the upgrade/
(37:33 / Allies) war-chef: ?
(37:36 / All) sc2no.wc4yes: i hope you pay for the "climb mountains" upgrade
(37:41 / Allies) sc2no.wc4yes: yeah but just barely
(37:43 / Allies) sc2no.wc4yes: id have to tech twice
(37:47 / Allies) sc2no.wc4yes: build a smith and a workshop
(37:55 / Allies) sc2no.wc4yes: id rather keep the gold and see what else i might need it for
(38:23 / Allies) sc2no.wc4yes: a bat
(38:24 / Allies) sc2no.wc4yes: lol
(38:29 / All) sc2no.wc4yes: LOL
(38:35 / All) sc2no.wc4yes: just you now buddy
(39:18 / Allies) sc2no.wc4yes: good thing u have 3 armor upgrades
(39:27 / Allies) hellraiser10: lol
(39:38 / Allies) hellraiser10: of course that was for spyders..but hey
(39:55 / All) sc2no.wc4yes: talk
(39:58 / All) sc2no.wc4yes: tell us what you rplan is
(40:09 / All) JustLikeCap: was planning to sleep early today
(40:10 / All) sc2no.wc4yes: is this going to be like picket's charge?
(40:12 / All) JustLikeCap: thanks...
(40:55 / Allies) sc2no.wc4yes: i wish we had a cirtter down there
(40:57 / Allies) sc2no.wc4yes: so i coudl harass
(41:02 / Allies) war-chef: \
(41:09 / Allies) sc2no.wc4yes: probably too risky anyway
(41:12 / Allies) sc2no.wc4yes: he keeps flaring everywhere
(41:35 / All) sc2no.wc4yes: lets say you make a ton of bats
(41:39 / All) sc2no.wc4yes: and somehow kill every last air unit
(41:44 / All) sc2no.wc4yes: what about our heros, archers and towers
(41:49 / All) sc2no.wc4yes: youll need some chims for that
(42:11 / Allies) sc2no.wc4yes: get his wood guys
(42:54 / Allies) sc2no.wc4yes: LOL
(43:01 / Allies) sc2no.wc4yes: I KILLED his bats with gyros
(43:20 / Allies) sc2no.wc4yes: send the hurt units home
(43:34 / Allies) sc2no.wc4yes: or to the left heal spa